 Dungeon Crawl Stone Soup version 0.30.1-9-gdf580d7c3d (webtiles) character file.

Game seed: 188001570869014648

2517 Anriel the Skirmisher (level 9, -9/81 HPs)
             Began as a Deep Elf Hunter on Sept 27, 2023.
             Was a Believer of Okawaru.
             Mangled by a fire crab (shapeshifter) (12 damage)
             ... on level 7 of the Dungeon on Sept 28, 2023.
             The game lasted 00:50:57 (7380 turns).

Anriel the Skirmisher (Deep Elf Hunter)             Turns: 7380, Time: 00:50:58

Health: -9/81      AC: 24    Str:  8    XL:     9   Next: 29%
Magic:  13/13      EV:  2    Int: 19    God:    Okawaru [**....]
Gold:   70         SH:  0    Dex: 25    Spells: 2/8 levels left

rFire   . . .        y - +2 longbow
rCold   . . .        (shield currently unavailable)
rNeg    . . .        s - melded +0 acid dragon scales
rPois   +            v - melded +0 mask of the Dragon {Will+ Slay+3 SInv}
rElec   .            q - melded +0 cloak
rCorr   +            f - melded +0 pair of gloves
SInv    .            (boots currently unavailable)
Will    .....        (no amulet)
Stlth   +            o - +5 ring of evasion
HPRegen 0.33/turn    m - ring of Zasai {rCorr Int+4 Dex+3}
MPRegen 0.13/turn

%: no passive effects
@: confused, tree-form, ambrosia-drunk, invisible
A: stationary, stasis, torment immunity, boosted hp
a: Renounce Religion, Heroism


You were on level 7 of the Dungeon.
You worshipped Okawaru.
Okawaru was pleased with you.
You were a tree.
You visited 2 branches of the dungeon, and saw 9 of its levels.
You also visited: Sewer.

You collected 1280 gold pieces.
You spent 1210 gold pieces at shops.

Inventory:

Hand Weapons
 a - a +0 shortbow
 y - a +2 longbow (weapon)
Armour
 d - a +0 helmet
 f - a +0 pair of gloves (melded)
 p - the +7 plate armour "Siadyunwub" {Regen+}
   (You found it on level 4 of the Dungeon)

   Regen:     It increases your rate of health regeneration.
 q - a +0 cloak (melded)
 s - +0 acid dragon scales (melded)
 v - the +0 mask of the Dragon (melded) {Will+ Slay+3 SInv}
   (You bought it in a shop on level 4 of the Dungeon)

   Slay:      It affects your accuracy & damage with ranged weapons and melee
   (+3).
   SInv:      It lets you see invisible.
   Will:      It increases your willpower.
Jewellery
 j - a ring of ice
 m - the ring of Zasai (right branch) {rCorr Int+4 Dex+3}
   (You acquired it on level 4 of the Dungeon)

   [ring of resist corrosion]

   Int:       It affects your intelligence (+4).
   Dex:       It affects your dexterity (+3).
   rCorr:     It protects you from acid and corrosion.
 n - a +6 ring of strength
 o - a +5 ring of evasion (left branch)
Wands
 e - a wand of polymorph (5)
 l - a wand of digging (6)
 E - a wand of flame (12)
 F - a wand of roots (8)
Scrolls
 b - 2 scrolls of immolation
 c - 2 scrolls of poison
 r - a scroll of amnesia
 t - a scroll of identify
 u - a scroll of magic mapping
Potions
 g - 3 potions of curing
 h - 3 potions of flight
 i - a potion of ambrosia
 k - a potion of might
 w - a potion of magic
 C - a potion of haste


   Skills:
 - Level 5.0 Fighting
 + Level 8.5 Ranged Weapons
 - Level 5.0 Armour
 + Level 5.0 Dodging
 - Level 5.0 Stealth
 * Level 3.5 Invocations
 - Level 5.0 Evocations


You had 2 spell levels left.
You knew the following spells:

 Your Spells              Type           Power      Damage    Failure   Level
a - Ozocubu's Armour      Ice            0%         N/A       52%         3
b - Portal Projectile     Hex/Tloc       0%         N/A       52%         3

Your spell library contained the following spells:

 Spells                   Type           Power      Damage    Failure   Level
 Apportation              Tloc           0%         N/A       21%         1
 Beastly Appendage        Tmut           0%         N/A       21%         1
 Magic Dart               Conj           0%         1d3       21%         1
 Shock                    Conj/Air       0%         1d3       21%         1
 Wereblood                Tmut           0%         N/A       30%         2
 Mephitic Cloud           Conj/Pois/Air  0%         N/A       52%         3
 Spider Form              Tmut/Pois      0%         N/A       52%         3
 Swiftness                Air            0%         N/A       52%         3
 Airstrike                Air            0%         2d(0-16)  90%         4
 Dispel Undead            Necr           0%         3d6       90%         4
 Alistair's Intoxication  Tmut/Pois      0%         N/A       99%         5
 Blade Hands              Tmut           0%         N/A       99%         5
 Metabolic Englaciation   Hex/Ice        0%         N/A       99%         5
 Ozocubu's Refrigeration  Ice            0%         4d7       100%        7
 Death's Door             Necr           0%         N/A       100%        9
 Call Imp                 Summ           Unusable   N/A       N/A         2
 Tukima's Dance           Hex            Unusable   N/A       N/A         3
 Summon Mana Viper        Hex/Summ       Unusable   N/A       N/A         5
 Haunt                    Necr/Summ      Unusable   N/A       N/A         7

Dungeon Overview and Level Annotations

Branches:
Dungeon (8/15)             Temple (1/1) D:6           Sewer (visited)
   Lair: D:8-11

Altars:
Ashenzari
Dithmenos
Elyvilon
Fedhas
Gozag
Hepliaklqana
Kikubaaqudgha
Makhleb
Nemelex Xobeh
Okawaru
Qazlal
Ru
Sif Muna
Uskayaw
Vehumet
Wu Jian
Xom
Yredelemnul
The Shining One

Shops:
D:3 ?   D:4 :*[   D:5 :   D:7 (


Message History

You assume a fearsome visage.
The black mamba resists with some effort.
The black mamba barely misses you.
Really quaff the potion of lignification?
You turn into a tree.
Your +0 cloak melds into your body.
The +0 mask of the Dragon {Will+ Slay+3 SInv} melds into your body.
Your +0 pair of gloves melds into your body.
Your +0 acid dragon scales melds into your body.
Your roots penetrate the ground.
The black mamba bites you but does no damage.
The black mamba bites you.
You shoot an arrow. The arrow hits the black mamba!
The black mamba is heavily wounded.
The black mamba changes into a fire crab!
Okay, then.
You shoot an arrow. The arrow hits the fire crab.
The fire crab is lightly wounded.
The fire crab breathes flames at you.
The blast of flame engulfs you but does no damage.
Unknown command.
You are confused.
You feel invigorated.
You are engulfed in blazing flames.
The fire crab bites you but does no damage.
The fire crab claws you but does no damage.
You cannot move. (Use ctrl+direction or * direction to attack while stationary and confused.)
You cannot move. (Use ctrl+direction or * direction to attack while stationary and confused.)
You are engulfed in blazing flames.
* * * LOW HITPOINT WARNING * * *
The fire crab bites you but does no damage.
The fire crab claws you.
* * * LOW HITPOINT WARNING * * *
You are engulfed in flames!
* * * LOW HITPOINT WARNING * * *
Okay, then.
You fade into invisibility!
The fire crab bites you but does no damage.
The fire crab claws you.
* * * LOW HITPOINT WARNING * * *
You are engulfed in flames!
You die...

.......#.......###.......##......
.............#..##.....#.##......
....<.........#............÷.....
##..............##.....####......
..............#.###.##.# #......
.#............#.....#..# #......
.......##........##.#.## #######
..........#...##t##.#.#
.......####...)[♣##...#
.............).###..###
..........#...###....# #######
....##........# #....# #......
....##.###....# #....# #......
.......[.#....# #....# #......
.........#....# #.<..# ####......
.........#..### #....###.........
.........##...###........##......


You could see a fire crab shaped shifter (unable to see you).

Vanquished Creatures
  A wyvern (D:6)
  A warg (D:6)
  2 black bears
  An orc warrior (D:7)
  A sky beast (D:7)
  2 ogres (D:5)
  2 centaurs (D:7)
  A kobold brigand (D:6)
  2 gnoll sergeants
  3 bullfrogs
  A killer bee (D:2)
  2 vampire bats (D:6)
  A howler monkey (D:7)
  3 hounds
  4 jellies
  2 orc priests
  A sleepcap (D:6)
  Jessica (D:2)
  3 iguanas
  7 orc wizards
  8 gnolls
  17 adders
  6 river rats
  2 white imps
  2 ufetubi (D:5)
  4 worms
  2 dart slugs
  15 orcs
  4 bat skeletons (D:6)
  A bat zombie (D:6)
  10 endoplasms
  5 giant cockroaches
  3 goblins
  8 hobgoblins
  5 jackals (Sewer)
  9 kobolds
  7 quokkas
  10 ball pythons
  10 bats
  3 frilled lizards
  8 rats
180 creatures vanquished.

Notes
Turn   | Place    | Note
-------+----------+-------------------------------------------
     0 | D:1      | Anriel the Deep Elf Hunter began the quest for the Orb.
     0 | D:1      | Reached XP level 1. HP: 12/12 MP: 3/3
   221 | D:1      | Got the Catalogue of Unstable Curses
   347 | D:1      | Reached XP level 2. HP: 17/17 MP: 4/4
   834 | D:2      | Noticed Jessica
   836 | D:2      | Killed Jessica
   837 | D:2      | Reached XP level 3. HP: 22/22 MP: 5/5
  1082 | D:2      | Found a shadowy altar of Dithmenos.
  1129 | D:2      | Reached XP level 4. HP: 27/27 MP: 6/6
  1609 | D:2      | a gnoll changed into a bullfrog
  1609 | D:2      | Noticed a bullfrog
  1614 | D:2      | Killed a bullfrog
  1615 | D:2      | Reached XP level 5. HP: 16/32 MP: 7/7
  1864 | D:3      | Found a shimmering altar of Xom.
  1889 | D:3      | Found a blossoming altar of Fedhas.
  2040 | D:3      | Reached XP level 6. HP: 23/38 MP: 8/8
  2508 | D:3      | Found The Oracle's Delphic Readings.
  2511 | D:3      | Got the Annotations on the Cemetery
  2533 | D:3      | Bought a scroll of identify for 28 gold pieces
  2660 | D:4      | Found Meumo's Book Shop.
  2666 | D:4      | Found Xehekh's Assorted Antiques.
  2666 | D:4      | Found Metiw's Antique Armour Shop.
  2667 | D:4      | Found Qischeta's Antique Armour Shop.
  2669 | D:4      | Identified the +7 plate armour "Siadyunwub" {Regen+}
  2954 | D:4      | Found a sparkling altar of Nemelex Xobeh.
  3038 | D:4      | Identified a scroll of acquirement
  3038 | D:4      | Acquired the ring of Zasai {rCorr Int+4 Dex+3}
  3098 | D:5      | Entered Level 5 of the Dungeon
  3208 | D:5      | Reached skill level 5 in Dodging
  3307 | D:5      | Reached XP level 7. HP: 40/44 MP: 9/9
  3337 | D:5      | Found a glowing drain.
  3380 | Sewer    | Entered a sewer
  3497 | Sewer    | Reached skill level 5 in Stealth
  3876 | Sewer    | Reached skill level 1 in Armour
  4098 | D:5      | Reached skill level 5 in Fighting
  4104 | D:5      | Learned a level 3 spell: Ozocubu's Armour
  4153 | D:5      | Found an iron altar of Okawaru.
  4153 | D:5      | Found a shadowy altar of Dithmenos.
  4153 | D:5      | Found a sacrificial altar of Ru.
  4172 | D:5      | Reached skill level 6 in Ranged Weapons
  4178 | D:5      | Reached skill level 1 in Evocations
  4192 | D:5      | Became a worshipper of Warmaster Okawaru
  4285 | D:5      | Found Wuugg's Self-Improvement Boutique.
  4445 | D:5      | Found a broken altar of Ashenzari.
  4578 | D:6      | You fall into a shaft and drop 2 floors!
  4653 | D:8      | Noticed a deep elf pyromancer
  4659 | D:8      | Noticed a steam dragon
  4695 | D:8      | Noticed a wyvern
  4709 | D:8      | Found a burning altar of Makhleb.
  4712 | D:8      | Noticed a manticore
  4867 | D:6      | Reached XP level 8. HP: 47/49 MP: 10/10
  5185 | D:6      | Learned a level 3 spell: Portal Projectile
  5270 | D:6      | Found a radiant altar of Vehumet.
  5270 | D:6      | Found a basalt altar of Yredelemnul.
  5323 | D:6      | Reached * piety under Okawaru
  5359 | D:6      | Noticed Maggie
  5390 | D:6      | Reached skill level 7 in Ranged Weapons
  5481 | D:6      | Found a staircase to the Ecumenical Temple.
  5795 | D:6      | Found an ancient bone altar of Kikubaaqudgha.
  5949 | D:6      | Maggie changed into Maggie the warg
  5949 | D:6      | Noticed Maggie
  5952 | D:6      | Killed Maggie the warg
  6136 | Temple   | Entered the Ecumenical Temple
  6356 | D:6      | Acquired 826 gold pieces
  6423 | D:4      | Bought the +0 mask of the Dragon {Will+ Slay+3 SInv} for
                  | 868 gold pieces
  6423 | D:4      | Found the +0 mask of the Dragon {Will+ Slay+3 SInv}
  6440 | D:4      | Bought a fizzy dark potion for 26 gold pieces
  6483 | D:3      | Bought a scroll of enchant weapon for 105 gold pieces
  6483 | D:3      | Bought a scroll of enchant weapon for 105 gold pieces
  6592 | D:6      | Reached skill level 5 in Armour
  6763 | D:7      | Reached skill level 8 in Ranged Weapons
  6763 | D:7      | Reached skill level 1 in Invocations
  6763 | D:7      | Reached XP level 9. HP: 39/54 MP: 10/12
  6834 | D:7      | Found Hoxaips's Weapon Shop.
  6842 | D:7      | Bought a +0 longbow for 78 gold pieces
  6965 | D:7      | Reached ** piety under Okawaru
  7213 | D:8      | Noticed a troll
  7265 | D:8      | a troll changed into a black mamba
  7265 | D:8      | Noticed a black mamba (shapeshifter)
  7310 | D:7      | Reached skill level 5 in Evocations
  7376 | D:7      | a black mamba changed into a fire crab
  7376 | D:7      | Noticed a fire crab (shapeshifter)
  7379 | D:7      | HP: 3/81 [fire crab (shapeshifter) (10)]
  7380 | D:7      | Mangled by a fire crab (shapeshifter)

Illustrated notes

Levels and vault maps discovered:
D:1:      minmay_arrival_checkered_box, layout_loops_ring
D:2:      layout_loops_corners, basic_altar, minmay_tiny_reverse_x, uniq_jessica
D:3:      layout_loops_ring, fedhas_ov_isle_minmay, xom_teletrap_fun,
          nicolae_nh_oracle_at_delphi
D:4:      layout_rooms, mainiacjoe_overflow_small_starburst,
          minmay_shop_grid_forest
D:5:      layout_cave_pools, nicolae_overflow_hidden_temple,
          gammafunk_temple_overflow_claw, portal_sewer_entry_b,
          nicolae_shop_self_help
D:6:      layout_rooms, kennysheep_vampire_church, jmf_multi_god_temple,
          minmay_temple_entry_arrows, solitary_fountain, uniq_maggie
D:7:      layout_rooms, serial_shops, shop
D:8:      minmay_tri_box, layout_rooms, bloody_makhleb
Temple:   hellmonk_temple_forest_ring

Skill      XL: |  1  2  3  4  5  6  7  8  9 |
---------------+----------------------------+-----
Fighting       | 2 3 4 5 |  5.0
Dodging        | 3 4 5 |  5.0
Stealth        | 2 3 4 5 |  5.0
Armour         | 2 5 |  5.0
Ranged Weapons | 6 8 |  8.5
Evocations     | 1 4 5 |  5.0
Invocations    | 1 3 |  3.5

Action                     |  1- 3 |  4- 6 |  7- 9 || total
---------------------------+-------+-------+-------++-------
  Melee: Shortbow          |       |     3 |       ||     3
   Fire: Shortbow          |    65 |   148 |   417 ||   630
         Longbow           |       |       |    42 ||    42
 Invoke: Heroism           |       |       |     2 ||     2
  Evoke: Wand              |       |     2 |     2 ||     4
    Use: Scroll            |     3 |    10 |    16 ||    29
         Potion            |       |     3 |    10 ||    13
 Armour: Leather armour    |     8 |    33 |    64 ||   105
         Acid dragon scale |       |       |    16 ||    16
         Skin              |       |       |     6 ||     6
  Dodge: Dodged            |    14 |    67 |   373 ||   454
